Map: Glittering Ashes LE

Players

LiviRAWR

  • Race: Zerg Zerg
  • League: Master
  • Spawn Location: 7:00

Warthog - Winner!

  • Race: Terran Terran
  • League: Master
  • Spawn Location: 1:00

VOD

Have the link to the VOD?

Description

Time

  • Played on: Jan. 11, 2022, 8:39 p.m.
  • Length: 5:41
Show
View Real Time Build Order
Export as new Build Order

LiviRAWR Zerg 

Build Orders: Hatch First 

Get SALT Encoding   

  12  0:02  Drone  
  13  0:16  Overlord  
  13  0:18  Drone  
  14  0:35  Drone x2  
  16  0:39  Drone  
  17  0:54  Hatchery  
  16  0:57  Drone  
  17  1:05  Drone  
  18  1:11  Spawning Pool  
  17  1:22  Extractor  
  17  1:25  Drone  
  17  1:36  Drone x2  
  19  1:58  Queen  
  21  2:05  Queen  
  21  2:06  Zergling x4  
  25  2:15  Drone x2  
  27  2:26  Metabolic Boost  
  27  2:31  Spore Crawler  
  27  2:33  Drone  
  27  2:34  Drone  
  28  2:56  Overlord  
  28  3:13  Hatchery  
  28  3:14  Spore Crawler  
  28  3:17  Spore Crawler, Queen  
  27  3:20  Extractor  
  27  3:23  Drone  
  27  3:27  Spore Crawler  
  30  3:42  Spore Crawler  
  30  4:00  Overlord x2  
  30  4:02  Overlord  
  30  4:03  Evolution Chamber  
  30  4:04  Evolution Chamber  
  28  4:17  Queen  
  28  4:18  Drone x8  
  38  4:26  Drone x5  
  43  4:31  Drone  
  43  4:32  Drone  
  43  4:33  Drone  
  43  4:34  Drone, Extractor  
  43  4:35  Extractor  
  45  4:38  Zergling x2  
  45  4:41  Spore Crawler  
  45  4:42  Zergling x2  
  46  4:51  Queen  
  46  4:52  Queen  
  49  4:59  Drone x3  
  51  5:11  Zergling x16  
Show
View Real Time Build Order
Export as new Build Order

Warthog Terran - Winner!

Build Orders: Liberator Opening, Reaper Expand 

Get SALT Encoding   

  12  0:00  SCV  
  13  0:12  SCV  
  14  0:17  Supply Depot  
  14  0:24  SCV  
  15  0:38  SCV  
  15  0:40  Barracks  
  16  0:44  Refinery  
  16  0:50  SCV  
  17  1:03  SCV  
  18  1:15  SCV  
  19  1:27  Reaper, Orbital Command  
  20  1:42  Command Center  
  20  1:52  Supply Depot  
  20  1:53  SCV  
  21  2:02  Barracks Reactor  
  21  2:04  Marine  
  21  2:05  SCV  
  23  2:10  Factory  
  23  2:16  Refinery  
  23  2:17  SCV  
  24  2:25  Barracks Reactor  
  24  2:29  SCV  
  25  2:41  SCV  
  26  2:53  SCV  
  26  2:54  Starport  
  26  2:58  Orbital Command  
  27  3:05  SCV  
  27  3:08  Hellion x2  
  32  3:18  SCV  
  33  3:27  SCV  
  33  3:29  Hellion x2  
  38  3:36  Supply Depot  
  38  3:41  SCV  
  38  3:47  SCV  
  40  3:50  Hellion  
  40  3:51  Hellion  
  40  3:53  SCV  
  40  3:55  Supply Depot  
  45  3:57  Liberator  
  45  3:59  SCV  
  49  4:05  Supply Depot  
  49  4:06  SCV, Armory  
  50  4:12  Hellion x2  
  55  4:17  SCV  
  55  4:18  SCV  
  55  4:28  Command Center  
  55  4:29  SCV  
  55  4:30  SCV  
  57  4:35  Hellion  
  59  4:41  SCV  
  59  4:45  SCV  
  61  4:50  Refinery x2  
  61  4:52  Supply Depot  
  61  4:53  SCV  
  61  4:55  Hellion  
  61  4:56  Hellion  
  66  5:00  SCV  
  66  5:05  SCV  
  68  5:12  SCV  
  69  5:17  SCV  
  69  5:24  SCV  
  69  5:38  Factory  
  69  5:39  Factory  
  69  5:40  Factory  
Tags
 
Add a new tag
Caveats
  • Supply blocks, unpowered buildings, or Contaminate may cause inaccurate times.
  • Supply counts are checked every 10 seconds.